 Dungeon Crawl Stone Soup version 0.29-a0-1023-g6ae1a4a2c7 (webtiles) character file.

Game seed: 16903751872113083762

129 Pooter the Chopper (level 4, -4/41 HPs)
             Began as a Minotaur Monk on Aug 11, 2022.
             Slain by an ogre
             ... wielding a +0 giant spiked club
              (20 damage)
             ... on level 3 of the Dungeon.
             The game lasted 00:14:34 (2654 turns).

Pooter the Chopper (Minotaur Monk)                  Turns: 2654, Time: 00:14:35

Health: -4/41      AC:  9    Str: 18    XL:     4   Next: 88%
Magic:  3/3        EV:  6    Int:  7    God:
Gold:   168        SH:  9    Dex: 16    Spells: 3/3 levels left

rFire   x . .      SeeInvis .   a - +0 trident
rCold   . . .      Faith    .   m - +2 kite shield {rN+}
rNeg    + . .      Spirit   .   o - +1 chain mail of Naqeinuo {Fly rF- Will+ Dex+4}
rPois   .          Reflect  .   (helmet restricted)
rElec   .          Harm     .   (no cloak)
rCorr   +          Rampage  .   (no gloves)
Will    +....                   (no boots)
Stlth   ..........              i - amulet of the acrobat
HPRegen 0.13/turn               C - ring of resist corrosion
MPRegen 0.08/turn               (no ring)

@: flying
A: horns 2, retaliatory headbutt
a: no special abilities


You were on level 3 of the Dungeon.
You visited 1 branch of the dungeon, and saw 3 of its levels.

You collected 168 gold pieces.

Inventory:

Hand Weapons
 a - a +0 trident (weapon)
   (You found it on level 1 of the Dungeon)
 b - a +0 sling
   (You found it on level 3 of the Dungeon)
 f - a +2 dagger of venom
   (You took it off a kobold on level 1 of the Dungeon)
 h - a +0 hand axe
Missiles
 u - 5 boomerangs (quivered)
 Q - 12 stones
Armour
 m - a +2 kite shield of positive energy (worn)
   (You found it on level 2 of the Dungeon)
 n - a +0 scale mail
   (You found it on level 2 of the Dungeon)
 o - the +1 chain mail of Naqeinuo (worn) {Fly rF- Will+ Dex+4}
   (You found it on level 2 of the Dungeon)

   Dex:       It affects your dexterity (+4).
   rF:        It makes you vulnerable to fire.
   Fly:       It grants you flight.
   Will:      It increases your willpower.
Jewellery
 i - an amulet of the acrobat (around neck)
   (You found it on level 3 of the Dungeon)
 w - a ring of ice
   (You found it on level 3 of the Dungeon)
 C - a ring of resist corrosion (left hand)
   (You found it on level 3 of the Dungeon)
Scrolls
 g - a scroll of enchant weapon
 k - a scroll of blinking
 l - a scroll of poison {unknown}
 p - a scroll of fog {unknown}
 q - a scroll of vulnerability {!r}
 s - a scroll of enchant armour
 t - a scroll of teleportation {@r4}
 x - a scroll of summoning {unknown}
Potions
 c - a potion of ambrosia
 e - 2 potions of attraction {unknown}
 j - a potion of curing {unknown}
 r - a potion of brilliance {unknown}
 v - a potion of flight {unknown}


   Skills:
 + Level 4.8 Fighting
 + Level 5.0(5.3) Axes
 + Level 2.6(4.1) Polearms
 * Level 0.2 Ranged Weapons
 + Level 0.6 Throwing
 - Level 3.2 Dodging
 - Level 1.5 Stealth


You had 3 spell levels left.
You didn't know any spells.
Your spell library contained the following spells:

 Spells                   Type           Power      Damage    Failure   Level
 Slow                     Hex            0%         N/A       100%        1
 Call Canine Familiar     Summ           0%         N/A       100%        3
 Confusing Touch          Hex            0%         N/A       100%        3
 Portal Projectile        Hex/Tloc       0%         N/A       100%        3
 Vampiric Draining        Necr           0%         2d6       100%        3
 Leda's Liquefaction      Hex/Erth       0%         N/A       100%        4


Dungeon Overview and Level Annotations

Branches:
Dungeon (3/15)

Altars:


Innate Abilities, Weirdness & Mutations

You have a pair of horns on your head.
You reflexively headbutt those who attack you in melee.


Message History

There is a stone staircase leading up here.
Found a hand axe.
You see here a +0 hand axe.
You see here a +0 hand axe.
The goblin shouts!
You shoot a sling bullet.
The sling bullet closely misses the goblin.
You shoot a sling bullet.
The sling bullet closely misses the goblin.
You shoot a sling bullet. The sling bullet hits the goblin.
You kill the goblin!
A goblin is nearby!
You shoot a sling bullet. The sling bullet hits the goblin.
You kill the goblin!
Things that are here:
a +0 club; a goblin corpse
There is an open door here.
Items here: )))) ÷÷.
You now have 168 gold pieces (gained 13).
There is an open door here.
Items here: )))) ÷÷.
Okay, then.
Done exploring.
You see here a +0 short sword.
An ogre is nearby!
Throw: 3 javelins
Aim: an ogre, wielding a +0 giant spiked club (wandering, hasn't noticed you, 76% to hit)
You throw a javelin. The javelin barely misses the ogre.
Throw: 2 javelins
Aim: an ogre, wielding a +0 giant spiked club (76% to hit)
You throw a javelin. The javelin pierces through the ogre.
Throw: javelin
Aim: an ogre, wielding a +0 giant spiked club (lightly wounded, 76% to hit)
You throw a javelin.
The javelin pierces through the ogre but does no damage.
You block the ogre's attack.
Really attack while wielding your +0 sling? [Y]es or [N]o only, please.
Really attack while wielding your +0 sling? [Y]es or [N]o only, please.
Really attack while wielding your +0 sling?
Okay, then.
a - a +0 trident (weapon)
The ogre hits you with a +0 giant spiked club!!
Ouch! That really hurt!
* * * LOW HITPOINT WARNING * * *
You hit the ogre. You hit the ogre.
The ogre hits you with a +0 giant spiked club!!
You die...

.....# #.##.#.##.#<.#####.....
.....######.##......#............
.............................####
.....######.#########)...##..####
.....# #.####.......(.....#...
.....# #......####...##.....##
[##########..#####....#####.....#
..........).######(##.# #......#
..#########.###.@O.#..# ##.#.....
#..## #.....###..####.>#.....
##..#######.##### #.##....######.
##.#.......# ####.#..#### #.
#.#.......####......## ##.
#.#.......).#..###.## ####..
#.#####..##...###..# ##.....
#.##........).....#######..###.
#.#.........#...#####.....## #.


You could see an ogre.

Vanquished Creatures
  Jessica (D:2)
  3 adders (D:3)
  2 worms (D:2)
  2 bats
  4 endoplasms
  2 giant cockroaches
  16 goblins
  4 hobgoblins
  7 jackals
  6 kobolds
  3 quokkas
  5 ball pythons
  4 frilled lizards
  5 rats
64 creatures vanquished.

Notes
Turn   | Place    | Note
-------+----------+-------------------------------------------
     0 | D:1      | Pooter the Minotaur Monk began the quest for the Orb.
     0 | D:1      | Reached XP level 1. HP: 19/19 MP: 0/0
   186 | D:1      | Found a faded altar of an unknown god.
   230 | D:1      | Reached skill level 4 in Axes
   365 | D:1      | Reached XP level 2. HP: 18/27 MP: 1/1
  1201 | D:2      | Noticed Jessica
  1234 | D:2      | Reached skill level 1 in Polearms
  1293 | D:2      | Killed Jessica
  1294 | D:2      | Reached XP level 3. HP: 34/34 MP: 2/2
  1333 | D:2      | Identified the +1 chain mail of Naqeinuo {Fly rF- Will+
                  | Dex+4}
  1583 | D:2      | Reached XP level 4. HP: 41/41 MP: 3/3
  1987 | D:3      | Reached skill level 5 in Axes
  2276 | D:3      | Noticed an ogre
  2654 | D:3      | Slain by an ogre

Illustrated notes

Levels and vault maps discovered:
D:1:      sevenhm_arrival_forest_fort_large_4, layout_basic,
          ebering_ecumenical_altar_hall
D:2:      layout_basic, minmay_misc_feat_four_crosses, serial_bayou_pond_d,
          kennysheep_flooded_box, st_stairs_8, uniq_jessica
D:3:      layout_rooms, minmay_misc_feat_tiny, minmay_ogre_servants

Skill      XL: |  1  2  3  4 |
---------------+-------------+-----
Axes           | 4 5 |  5.0
Fighting       | 4 |  4.8
Polearms       | 1 2 |  2.6
Ranged Weapons | |  0.2
Throwing       | |  0.6
Dodging        | |  3.2
Stealth        | |  1.5

Action                   |  1- 3 |  4- 6 || total
-------------------------+-------+-------++-------
Melee: Hand axe          |    25 |       ||    25
       Trident           |    40 |    64 ||   104
       Dagger            |    11 |       ||    11
       Headbutt          |     6 |    13 ||    19
 Fire: Sling             |       |     9 ||     9
Throw: Javelin           |       |     3 ||     3
  Use: Scroll            |     2 |     5 ||     7
Armor: Ring mail         |    10 |       ||    10
       Chain mail        |     4 |    52 ||    56
       Scale mail        |     2 |       ||     2
Dodge: Dodged            |    23 |    18 ||    41
Block: Kite shield       |       |    38 ||    38

Table legend: (Time is in decaauts)
 A = Elapsed time spent in this place.
 B = Non-inter-level travel time spent in this place.
 C = Inter-level travel time spent in this place.
 D = Time resting spent in this place.
 E = Time spent auto-exploring this place.
 F = Levels seen in this place.
 G = Mean time per level.
                   A        B        C        D        E       F      G
               +--------+--------+--------+--------+--------+-----+--------+
         Total |   2689 |   2587 |    102 |    353 |   1715 |   3 |  896.3 |
       Dungeon |   2689 |   2587 |    102 |    353 |   1715 |   3 |  896.3 |
               +--------+--------+--------+--------+--------+-----+--------+

Top non-repeatable levels by time:
     D:1: 1183 daAuts
     D:3: 846 daAuts
     D:2: 660 daAuts
